 Dungeon Crawl Stone Soup version 0.32-a0-290-g598725c5f2 (webtiles) character file.

Game seed: 7546641691626002983

28 Bravepunisher the Ducker (level 2, 16/16 HPs)
             Began as a Spriggan Monk on Feb 13, 2024.
             Quit the game in the Ecumenical Temple.
             The game lasted 00:04:38 (832 turns).

Bravepunisher the Ducker (Spriggan Monk)             Turns: 832, Time: 00:04:39

Health: 16/16      AC:  2    Str:  7    XL:     2   Next: 96%
Magic:  3/3        EV: 19    Int: 11    God:
Gold:   45         SH:  0    Dex: 17    Spells: 1/1 levels left

rFire   . . .        a - +0 short sword
rCold   . . .        (no shield)
rNeg    . . .        b - +0 robe
rPois   .            (helmet restricted)
rElec   .            (no cloak)
rCorr   .            (gloves unavailable)
SInv    +            (boots unavailable)
Will    .....        (no amulet)
Stlth   ++           (no ring)
HPRegen 0.22/turn    (no ring)
MPRegen 0.08/turn

%: no passive effects
@: very quick
A: very small, no large weapons, unfitting armour, see invisible, speed 3
a: no special abilities


You were in the Ecumenical Temple.
You visited 2 branches of the dungeon, and saw 8 of its levels.

You collected 45 gold pieces.

Inventory:

Hand Weapons
 a - a +0 short sword (weapon)
Armour
 b - a +0 robe (worn)
Wands
 i - a wand of roots (9)
Scrolls
 d - 2 scrolls of immolation {unknown}
 f - a scroll of enchant weapon {unknown}
 g - a scroll of enchant armour {unknown}
Potions
 c - a potion of ambrosia
 e - a potion of curing {unknown}
 h - a potion of attraction {unknown}


   Skills:
 + Level 2.8 Fighting
 - Level 3.2 Short Blades
 * Level 5.1 Dodging


You had one spell level left.
You didn't know any spells.
Your spell library contained the following spells:

 Spells                   Type           Power      Damage    Failure   Level
 Volatile Blastmotes      Fire/Tloc      0%         2d10      71%         3
 Fulminant Prism          Conj/Alch      0%         3d5       98%         4
 Iskenderun's Mystic Bla  Conj/Tloc      0%         2d3       98%         4


Dungeon Overview and Level Annotations

Branches:
Dungeon (7/15)             Temple (1/1) D:4

Altars:
Cheibriados
Elyvilon
Kikubaaqudgha
Nemelex Xobeh
Okawaru
Ru
Sif Muna
Trog
Wu Jian
Xom
Yredelemnul

Shops:
D:6 =:!


Innate Abilities, Weirdness & Mutations

You are very small and have problems with some larger weapons.
You are too small for most types of armour.
You have supernaturally acute eyesight. (SInv)
You cover ground extremely quickly. (Speed+++)


Message History

There is a stone staircase leading up here.
Unknown command.
The helpless orc fails to defend itself.
You puncture the orc!
You kill the orc!
The orc shouts!
The orc wizard shouts!
You hear a shout!
There is an entrance to Cakkeveh's Jewellery Emporium here.
You don't know any spells.
There is a stone staircase leading up here.
You climb upwards.
There is a stone staircase leading down here.
An orc is nearby!
Found a scroll labelled KIWNEC UTHRUES.
Found 16 gold pieces.
Found an escape hatch in the floor.
Found a stone staircase leading up.
Found 11 gold pieces.
There is a stone staircase leading up here.
You climb upwards.
Found a flail and 8 gold pieces.
There is a stone staircase leading down here.
Found an escape hatch in the ceiling.
A black bear comes into view.
You see here 8 gold pieces.
Found a short smoking staff.
You see here a +0 short sword.
The kobold shouts!
Found a scroll labelled KIWNEC UTHRUES.
An adder comes into view.
The adder hisses angrily.
You see here a scroll labelled KIWNEC UTHRUES.
Found a club.
Found a staircase to the Ecumenical Temple.
A kobold comes into view. It is wielding a +0 dagger.
The kobold shouts!
There is a staircase to the Ecumenical Temple here.
You climb downwards.
Welcome to the Ecumenical Temple!
Found a staircase back to the Dungeon.
There is a staircase back to the Dungeon here.
Are you sure you want to abandon this character and quit the game? (Confirm with "yes".)

###++#++# #...##+##.
#..#..###+........
#..#...##++...ß...
#..##.....########
#..####....+#...#+
###++## ###..+.._..+
#....ß########.....#
##....+......+.....+
##@..+......+.....+
##..########..ß..#
##.# #.....# ###
#######


There were no monsters in sight!

Vanquished Creatures
  An adder (D:6)
  An orc (D:6)
  A ball python (D:2)
  2 bats (D:2)
  An endoplasm (D:4)
  A giant cockroach (D:1)
  A kobold (D:2)
  A frilled lizard (D:1)
  A rat (D:1)
10 creatures vanquished.

Notes
Turn   | Place    | Note
-------+----------+-------------------------------------------
     0 | D:1      | Bravepunisher the Spriggan Monk began the quest for the
                  | Orb.
     0 | D:1      | Reached XP level 1. HP: 11/11 MP: 2/2
   252 | D:2      | Reached XP level 2. HP: 16/16 MP: 3/3
   308 | D:2      | Found a faded altar of an unknown god.
   472 | D:5      | Entered Level 5 of the Dungeon
   492 | D:5      | Noticed a phantom
   505 | D:5      | Noticed a phantom
   508 | D:6      | Noticed a killer bee
   532 | D:6      | Reached skill level 5 in Dodging
   608 | D:6      | Noticed a phantom
   742 | D:6      | Found Cakkeveh's Jewellery Emporium.
   742 | D:6      | Found Jaurphal's Book Emporium.
   742 | D:6      | Found Cunkuxui's Distillery.
   784 | D:4      | Noticed a black bear
   824 | D:4      | Found a staircase to the Ecumenical Temple.
   831 | Temple   | Entered the Ecumenical Temple
   832 | Temple   | Quit the game

Illustrated notes

Levels and vault maps discovered:
D:1:      dpeg_arrival_concentric_ovals, layout_loops_ring
D:2:      layout_rooms, basic_altar,
          dreamdust_ecumenical_altar_angels_and_demons, st_stairs_13,
          roderic_lattice_a, hangedman_decor_growths
D:3:      layout_basic, ebering_ghost_sewer_d,
          nicolae_concentric_dashed_squares_wild
D:4:      layout_rooms, nicolae_uskayaw_murder_on_the_dancefloor,
          minmay_temple_entry_crystal_x, hangedman_abyss_or_decor_stabs
D:5:      layout_rooms, serial_bayou_crossing
D:6:      cheibrodos_two_vegetables, layout_loops_cross,
          biasface_ghost_orc_armoury, kennysheep_nondescript,
          nicolae_shop_distant_corner_stores, serial_library_hellmonk_hallway_a,
          uniq_edmund, uniq_grinder, uniq_sigmund
D:7:      regret_index_malice_mire, layout_loops_ring, minmay_fire_ice_demons,
          uniq_menkaure, uniq_maurice
Temple:   grunt_temple_mini_profane

Skill      XL: |  1  2 |
---------------+-------+-----
Dodging        | 5 |  5.1
Fighting       | |  2.8
Short Blades   | |  3.2

Action                     || total
---------------------------++-------
  Melee: Short sword       ||    47
   Stab: Sleeping          ||     3
 Armour: Robe              ||    14
  Dodge: Dodged            ||    52

Table legend: (Time is in decaauts)
 A = Elapsed time spent in this place.
 B = Non-inter-level travel time spent in this place.
 C = Inter-level travel time spent in this place.
 D = Time resting spent in this place.
 E = Time spent auto-exploring this place.
 F = Levels seen in this place.
 G = Mean time per level.
                   A        B        C        D        E       F      G
               +--------+--------+--------+--------+--------+-----+--------+
         Total |    558 |    558 |      0 |     61 |    122 |   8 |   69.8 |
       Dungeon |    557 |    557 |      0 |     61 |    122 |   7 |   79.6 |
        Temple |      0 |      0 |      0 |      0 |      0 |   1 |    0.0 |
               +--------+--------+--------+--------+--------+-----+--------+

Top non-repeatable levels by time:
     D:6: 152 daAuts
     D:1: 135 daAuts
     D:2: 95 daAuts
     D:5: 66 daAuts
     D:4: 63 daAuts
     D:3: 41 daAuts
     D:7: 1 daAuts
  Temple: 0 daAuts
